 Dungeon Crawl Stone Soup version 0.19-a0-994-g3c636f0 (webtiles) character file.

1823 Arkorax the Grappler (level 8, -12/72 HPs)
             Began as a Troll Venom Mage on July 15, 2016.
             Killed from afar by Maurice (20 damage)
             ... with a wand of lightning
             ... on level 8 of the Dungeon.
             The game lasted 00:11:07 (5834 turns).

Arkorax the Grappler (Troll Venom Mage)             Turns: 5834, Time: 00:11:11

Health: -12/72     AC: 10    Str: 17    XL:     8   Next: 85%
Magic:  8/8        EV:  5    Int: 11    God:
Gold:   225        SH: 12    Dex: 11    Spells: 1 memorised, 8 levels left

rFire  . . .     SeeInvis .       - Unarmed
rCold  + . .     Gourm    +     a - +0 robe
rNeg   . . .     Faith    .     C - +0 large shield
rPois  .         Spirit   .     (helmet restricted)
rElec  .         Dismiss  .     D - +0 cloak
rCorr  .         Reflect  .     (gloves unavailable)
SustAt .         Harm     .     (boots unavailable)
MR     .....                    (no amulet)
Stlth  +.........               (no ring)
                                l - ring of protection from cold

@: not resistant to hostile enchantments, very unstealthy
A: unfitting armour, claws 3, rough black scales 1, fast metabolism 3, gourmand,
regeneration 2, shaggy fur 1, tough skin 2
a: no special abilities


You were on level 8 of the Dungeon.
You were full.

You visited 2 branches of the dungeon, and saw 9 of its levels.

You collected 274 gold pieces.
You spent 49 gold pieces at shops.

Inventory:

Hand Weapons
 x - a +0 giant club
Armour
 a - a +0 robe (worn)
 C - a +0 large shield (worn)
 D - a +0 cloak (worn)
Jewellery
 l - a ring of protection from cold (left claw)
 p - a cursed ring of teleportation {unknown}
Wands
 f - a wand of paralysis (10/24)
 E - a wand of flame (23/48)
Scrolls
 e - a scroll of noise {unknown}
 j - 4 scrolls of remove curse {unknown}
 k - a scroll of recharging {unknown}
 n - 2 scrolls of immolation {unknown}
 q - 8 scrolls of identify {unknown}
 s - a scroll of teleportation {unknown}
 u - a scroll of enchant weapon {unknown}
 w - 2 scrolls of random uselessness {unknown}
 y - a scroll of blinking {unknown}
 A - a scroll of enchant armour {unknown}
 B - a scroll of amnesia {unknown}
Potions
 d - a potion of resistance {unknown}
 g - 2 potions of curing {unknown}
 i - 2 potions of lignification {unknown}
 o - a potion of ambrosia {unknown}
 r - 3 potions of brilliance {unknown}
 t - 2 potions of haste {unknown}
 v - a potion of degeneration {unknown}
Books
 b - a Young Poisoner's Handbook

   Spells                             Type                      Level
   a - Sting                          Conjuration/Poison           1
   b - Mephitic Cloud                 Conjuration/Poison/Air       3
   c - Olgreb's Toxic Radiance        Poison                       4
   d - Alistair's Intoxication        Transmutation/Poison         5
   e - Venom Bolt                     Conjuration/Poison           5
Comestibles
 c - 6 bread rations
 h - 10 fruits
 m - 3 meat rations


   Skills:
 + Level 2.1 Fighting
 - Level 1.5 Dodging
 - Level 1.1 Stealth
 + Level 2.1 Shields
 + Level 10.5 Unarmed Combat
 - Level 1.2 Spellcasting
 - Level 2.9 Poison Magic


You had 8 spell levels left.
You knew the following spells:

 Your Spells              Type           Power        Failure   Level  Hunger
a - Sting                 Conj/Pois      #...         100%        1    ##.....


Dungeon Overview and Level Annotations

Branches:
Dungeon (8/15)             Temple (1/1) D:6
   Lair: D:8-11

Altars:
Ashenzari
Cheibriados
Dithmenos
Elyvilon
Fedhas
Gozag
Hepliaklqana
Kikubaaqudgha
Makhleb
Nemelex Xobeh
Pakellas
Qazlal
Ru
Sif Muna
Trog
Uskayaw
Vehumet
Yredelemnul
Zin
The Shining One

Shops:
D:6 *   D:7 (

Annotations:
D:6 Blork the orc
D:8 Maurice


Innate Abilities, Weirdness & Mutations

You are too large for most types of armour.
You have claws for hands.
Your metabolism is lightning-fast.
You like to eat raw meat.
You heal very quickly.
You are covered in fur. (AC +1)
You have very tough skin. (AC +2)
You are partially covered in rough black scales. (AC +4, Dex -1)


Message History

No target in view!
No target in view!
You claw something! Something hits you but does no damage.
You closely miss something.
You hear a zap.
A bolt of lightning appears from out of thin air!
The bolt of lightning hits you! x2; The bolt of lightning hits something.
You scratch something. You claw something! You block something's attack. x2
You scratch something but do no damage. You closely miss something.
You block something's attack.
You miss something. Something hits you.
Something steals your viscous dark potion!
You miss something.
You hear a zap.
A bolt of lightning appears from out of thin air!
The bolt of lightning hits you!
* * * LOW HITPOINT WARNING * * *
The bolt of lightning hits you!
You die...

### #.# #.#
#######.#
#....{@.#
#.#.###.# #
#.# ..#.###.#
........####
######
...........##
#...(#
............#
#.##.#
.....#...#..#
#.##.#
.....#...#..#
#.##.#


There were no monsters in sight!

Vanquished Creatures
  Eustachio (D:7)
  Edmund (D:6)
  2 ice beasts (D:5)
  A sky beast (D:3)
  3 ogres (D:4)
  2 scorpions
  A water moccasin skeleton (D:8)
  3 crimson imps
  3 orc priests
  A jelly (D:6)
  3 hounds
  9 orc wizards
  A centaur skeleton (D:6)
  A giant frog skeleton (D:5)
  A worker ant (D:7)
  10 gnolls
  4 adders
  5 worms
  A dart slug (D:3)
  22 orcs
  2 ball pythons
  4 bats
  3 giant cockroaches
  9 goblins
  8 hobgoblins
  12 jackals
  5 kobolds
  A quokka (D:2)
  A giant gecko skeleton (D:4)
  A giant gecko zombie (D:5)
  4 giant newts
  5 rats
130 creatures vanquished.

Vanquished Creatures (others)
  An orc wizard (D:5)
1 creature vanquished.

Grand Total: 131 creatures vanquished

Notes
Turn   | Place    | Note
-------+----------+-------------------------------------------
     0 | D:1      | Arkorax the Troll Venom Mage began the quest for the Orb.
     0 | D:1      | Reached XP level 1. HP: 16/16 MP: 1/1
    58 | D:1      | Reached skill level 1 in Unarmed Combat
    79 | D:1      | Reached XP level 2. HP: 23/24 MP: 2/2
   128 | D:1      | Reached skill level 2 in Unarmed Combat
   727 | D:2      | Reached XP level 3. HP: 30/31 MP: 3/3
   728 | D:2      | Reached skill level 3 in Unarmed Combat
  1067 | D:1      | Reached XP level 4. HP: 30/39 MP: 2/4
  1152 | D:2      | Reached skill level 4 in Unarmed Combat
  1235 | D:2      | Found a bloodstained altar of Trog.
  1389 | D:3      | Noticed a sky beast
  1400 | D:3      | Killed a sky beast
  1400 | D:3      | Reached skill level 5 in Unarmed Combat
  1400 | D:3      | Reached XP level 5. HP: 45/45 MP: 5/5
  1407 | D:3      | Gained mutation: You are partially covered in rough black scales. (AC +4, Dex -1) [mutagenic meat]
  1499 | D:3      | Found a blossoming altar of Fedhas.
  1861 | D:3      | Reached skill level 6 in Unarmed Combat
  1861 | D:3      | Reached XP level 6. HP: 37/53 MP: 6/6
  1946 | D:3      | Found a sparkling altar of Nemelex Xobeh.
  1972 | D:3      | Found a blossoming altar of Fedhas.
  2033 | D:3      | Found a glowing silver altar of Zin.
  2405 | D:4      | Reached skill level 7 in Unarmed Combat
  2493 | D:3      | Reached XP level 7. HP: 58/59 MP: 2/7
  2858 | D:4      | Reached skill level 8 in Unarmed Combat
  3622 | D:5      | Entered Level 5 of the Dungeon
  3735 | D:5      | Reached skill level 9 in Unarmed Combat
  3821 | D:5      | Reached XP level 8. HP: 66/67 MP: 8/8
  3843 | D:5      | Found a sacrificial altar of Ru.
  4039 | D:5      | Found a stormy altar of Qazlal.
  4334 | D:6      | Found a staircase to the Ecumenical Temple.
  4354 | Temple   | Entered the Ecumenical Temple
  4565 | D:6      | Found Heez Buhu's General Store.
  4565 | D:6      | Noticed Edmund
  4580 | D:6      | Killed Edmund
  4580 | D:6      | Reached skill level 10 in Unarmed Combat
  4757 | D:6      | Bought a +0 large shield for 49 gold pieces
  4771 | D:6      | Found a white marble altar of Elyvilon.
  4772 | D:6      | Found an ancient bone altar of Kikubaaqudgha.
  4775 | D:6      | Noticed Blork the orc
  4841 | D:5      | Reached skill level 1 in Fighting
  4841 | D:5      | Reached skill level 1 in Shields
  5091 | D:7      | Noticed Eustachio
  5127 | D:7      | Killed Eustachio
  5311 | D:7      | Found Jumaphuf's Weapon Shop.
  5419 | D:7      | Found a burning altar of Makhleb.
  5825 | D:8      | Noticed Maurice
  5834 | D:8      | Killed from afar by Maurice

Vault maps used:
D:1:      dpeg_arrival_arbitrary_b
D:2:      lemuel_round_altar
D:3:      overflow_temple_1_default, nicolae_overflow_crystal_walls,
          overflow_temple_1_default, fedhas_altar_3
D:4:      first_bread
D:5:      lemuel_round_altar, grunt_qazlal_sundering, uniq_eustachio
D:6:      grunt_temple_overflow_open, serial_shops, shop, minmay_door_square,
          uniq_edmund, uniq_blork_the_orc
D:7:      makhleb_grotto_becter, serial_glass, glass_columns_a, glass_columns_a,
          glass_columns_c, glass_columns_a, glass_columns_a, glass_columns_b,
          glass_columns_c, glass_columns_a, glass_columns_b, glass_columns_c,
          serial_shops, shop
D:8:      minmay_misc_feat_rugged, uniq_maurice
Temple:   minmay_temple_bridge_abc

Skill      XL: |  1  2  3  4  5  6  7  8 |
---------------+-------------------------+-----
Unarmed Combat | 1 2 3 5 6 7 9 10 | 10.5
Fighting       | 2 |  2.1
Shields        | 2 |  2.1
Dodging        | |  1.5
Stealth        | |  1.1
Spellcasting   | |  1.2
Poison Magic   | |  2.9

Action                   |  1- 3 |  4- 6 |  7- 9 || total
-------------------------+-------+-------+-------++-------
Melee: Unarmed           |   107 |   127 |   194 ||   428
       Punch             |     1 |     5 |     3 ||     9
 Cast: Sting             |     1 |    23 |     2 ||    26
  Use: Potion            |       |       |     3 ||     3
       Scroll            |       |       |     1 ||     1
 Stab: Sleeping          |     2 |       |       ||     2
  Eat: Chunk             |    14 |    16 |    23 ||    53
       Bread ration      |       |       |     1 ||     1
Armor: Robe              |    29 |    41 |    77 ||   147
Dodge: Dodged            |    53 |    69 |    47 ||   169
Block: Large shield      |       |       |    34 ||    34
